 Dungeon Crawl Stone Soup version 0.24.0-123-gd5b16e6ec5 (webtiles) character file.

Game seed: 14391330512643485611, levelgen mode: deterministic

84489 LordRappington the Bludgeoner (level 15, -5/91 HPs)
             Began as a Gargoyle Fighter on Jan 23, 2020.
             Was the Champion of Makhleb.
             Killed by divine providence
             ... invoked by Saint Roka
              (8 damage)
             ... on level 2 of the Orcish Mines on Jan 24, 2020.
             The game lasted 01:53:06 (21460 turns).

LordRappington the Bludgeoner (Gargoyle Fighter)   Turns: 21460, Time: 01:53:08

Health: -5/91      AC: 35    Str: 28    XL:     15   Next: 80%
Magic:  19/19      EV:  6    Int: 10    God:    Makhleb [******]
Gold:   1081       SH: 11    Dex:  9    Spells: 14/14 levels left

rFire    + . .     SeeInvis +   F - +5 morningstar (freeze)
rCold    . . .     Gourm    .   c - +0 shield
rNeg     + . .     Faith    .   a - +0 plate armour
rPois    ∞         Spirit   .   t - +0 helmet
rElec    +         Reflect  .   e - scarf {repulsion}
rCorr    .         Harm     .   n - +1 pair of gloves {Str+3}
MR       +....     Rnd*Rage +   v - +2 pair of boots
Stlth    ..........             u - amulet of regeneration
HPRegen  0.65/turn              G - ring of Cemoro {+Inv SInv}
MPRegen  0.16/turn              A - ring of protection from fire

@: drained, repel missiles
A: big wings, berserk 1, negative energy resistance 1, electricity resistance,
unbreathing, petrification resistance, rot immunity, AC +11
a: Fly, Minor Destruction, Lesser Servant of Makhleb, Major Destruction, Greater
Servant of Makhleb, Renounce Religion, Evoke Invisibility


You were on level 2 of the Orcish Mines.
You worshipped Makhleb.
Makhleb was exalted by your worship.
You were not hungry.

You visited 4 branches of the dungeon, and saw 24 of its levels.

You collected 1938 gold pieces.
You spent 857 gold pieces at shops.

Inventory:

Hand Weapons
 F - a +5 morningstar of freezing (weapon)
 H - the +11 long sword of Kismet {pain, rPois Str+3}
   (You found it on level 6 of the Lair of Beasts)

   In the hands of one skilled in necromantic magic, it inflicts extra damage on
   living creatures.
   It affects your strength (+3).
   It protects you from poison.
Missiles
 J - 7 atropa-tipped darts (quivered)
 P - 10 curare-tipped darts
 S - 5 silver boomerangs
Armour
 a - a +0 plate armour (worn)
 c - a +0 shield (worn)
 e - a scarf of repulsion (worn)
 n - a +1 pair of gloves of strength (worn)
 t - a +0 helmet (worn)
 v - a +2 pair of boots (worn)
 L - the +0 cloak of Laajad {+Blink rC+ Int-3 Dex+4}
   (You found it on level 6 of the Lair of Beasts)

   It affects your intelligence (-3).
   It affects your dexterity (+4).
   It protects you from cold.
   It lets you blink.
Jewellery
 u - an amulet of regeneration (around neck)
 A - a ring of protection from fire (right hand)
 G - the ring of Cemoro (left hand) {+Inv SInv}
   (You bought it in a shop on level 15 of the Dungeon)

   [ring of see invisible]

   It lets you see invisible.
   It lets you turn invisible.
 N - an uncursed amulet of rage
Wands
 i - a wand of paralysis (9)
 r - a wand of flame (41)
 s - a wand of iceblast (11)
 E - a wand of acid (8)
Scrolls
 h - 6 scrolls of identify
 l - 2 scrolls of remove curse
 q - 3 scrolls of teleportation
 y - 2 scrolls of amnesia
 z - a scroll of silence {unknown}
 B - 2 scrolls of enchant weapon
 C - 2 scrolls of magic mapping
 I - a scroll of fog
 R - a scroll of vulnerability {unknown}
Potions
 b - a potion of cancellation {unknown}
 d - a potion of might
 g - a potion of agility
 j - a potion of haste {unknown}
 k - 5 potions of lignification
 m - 3 potions of curing
 K - a potion of resistance
 M - a potion of heal wounds
 Q - a potion of degeneration {unknown}
Miscellaneous
 o - a fan of gales
 w - a sack of spiders
Comestibles
 f - 36 rations


   Skills:
 + Level 9.4(8.7) Fighting
 * Level 2.4(1.9) Long Blades
 + Level 16.1(15.3) Maces & Flails
   Level 11.0(10.3) Polearms
 - Level 15.0(14.2) Armour
 + Level 7.2(6.6) Shields
 * Level 6.5(5.9) Invocations
 - Level 3.6(3.0) Evocations


You had 14 spell levels left.
You didn't know any spells.
Your spell library contained the following spells:

 Spells                   Type           Power        Failure   Level  Hunger
 Apportation              Tloc           #.....       100%        1    ##.....
 Confusing Touch          Hex            #.....       100%        1    ##.....
 Magic Dart               Conj           #...         100%        1    ##.....
 Summon Butterflies       Summ           #.......     100%        1    ##.....
 Searing Ray              Conj           #.....       100%        2    ###....
 Confuse                  Hex            #.......     100%        3    ####...
 Dazzling Spray           Conj/Hex       #.....       100%        3    ####...
 Gell's Gravitas          Tloc           #.........   100%        3    ####...
 Lesser Beckoning         Tloc           #.........   100%        3    ####...
 Tukima's Dance           Hex            #.......     100%        3    ####...
 Force Lance              Conj/Tloc      #.......     100%        4    #####..
 Fulminant Prism          Conj/Hex       #.........   100%        4    #####..
 Ice Form                 Ice/Tmut       #.......     100%        4    #####..
 Iskenderun's Mystic Bla  Conj           #.......     100%        4    #####..
 Petrify                  Tmut/Erth      #.......     100%        4    #####..
 Alistair's Intoxication  Tmut/Pois      #.......     100%        5    ######.
 Metabolic Englaciation   Hex/Ice        #.........   100%        5    ######.
 Yara's Violent Unravell  Hex/Tmut       #.........   100%        5    ######.
 Bolt of Cold             Conj/Ice       #.........   100%        6    #######
 Freezing Cloud           Conj/Ice/Air   #.........   100%        6    #######
 Invisibility             Hex            #.......     100%        6    #######
 Ozocubu's Refrigeration  Ice            #.........   100%        6    #######
 Simulacrum               Ice/Necr       #.........   100%        6    #######


Dungeon Overview and Level Annotations

Branches:
Dungeon (15/15)            Temple (1/1) D:5            Lair (6/6) D:9
 Shoals (0/4) Lair:4       Spider (0/4) Lair:2        Slime (0/5) Lair:6
    Orc (2/2) D:12            Elf (0/3) Orc:2        Vaults (0/5) D:13
 Depths (0/5) D:15

Altars:
Ashenzari
Cheibriados
Dithmenos
Elyvilon
Fedhas
Gozag
Hepliaklqana
Kikubaaqudgha
Makhleb
Nemelex Xobeh
Okawaru
Qazlal
Ru
Sif Muna
Trog
Uskayaw
Vehumet
Wu Jian
Xom
Yredelemnul
Zin
The Shining One
Lugonu

Shops:
D:7 !![   D:8 %   D:11 (   D:15 *   Orc:2 [

Annotations:
D:3 3 runed translucent doors, Enkuryo's ghost, amateur HaHu
D:14 1 runed translucent door
Orc:2 Saint Roka


Innate Abilities, Weirdness & Mutations

You are resistant to torment.
Your stone body is resilient. (AC +11)
You are immune to poison.
Your large and strong wings let you fly indefinitely.
You resist negative energy. (rN+)
You are resistant to electric shocks. (rElec)
You can survive without breathing.
You are immune to petrification.
You are immune to rotting.
You tend to lose your temper in combat.


Message History

Saint Roka is moderately wounded.
Your Executioner hits Saint Roka but does no damage.
Your Executioner barely misses Saint Roka.
Your Executioner hits Saint Roka but does no damage.
You barely miss Saint Roka.
Saint Roka is moderately wounded.
Your Executioner gestures at Saint Roka.
Saint Roka resists with almost no effort.
Saint Roka mumbles some strange prayers to Beogh against you.
Beogh smites you!
* * * LOW HITPOINT WARNING * * *
Your Executioner gestures.
Your Executioner seems to speed up.
You closely miss Saint Roka.
Saint Roka is moderately wounded.
Your Executioner barely misses Saint Roka.
Your Executioner hits Saint Roka. x2
Saint Roka invokes the aid of Beogh against you.
Beogh smites you!
You die...

#.....# #..#.. #.....#
#.).. #.....# #.#[.
####8...8#### #.[##
####..#.....#..####...#
.............(.(...(.(#.
.$.#....................
...........[(..<[$......
......o@....[...))......
.....1..........[$......
.................[......
#................)......
#.......................
........................
♣..........>............
∩.♣...................#.
....................##


You could see Saint Roka and a friendly Executioner.

Vanquished Creatures
  Gastronok (D:11)
  An ettin (D:12)
  Josephine (Orc:1)
  3 vault guards (D:13)
  Harold (Lair:2)
  2 catoblepae
  5 hydras
  2 centaur warriors
  2 tengu warriors (D:13)
  3 two-headed ogres
  An orc high priest (Orc:1)
  4 death yaks (Lair:6)
  Sonja (Lair:6)
  A storm dragon zombie (D:15)
  Urug (D:11)
  2 skeletal warriors (D:15)
  2 wizards (D:13)
  2 unseen horrors (D:15)
  A flayed ghost (D:15)
  A lindwurm (Lair:6)
  Pikel (D:7)
  A necromancer (D:15)
  4 orc sorcerers
  A deep elf mage (D:15)
  2 orc knights (Orc:1)
  A frost giant zombie (D:15)
  2 ugly things
  2 cyclopes
  An elephant (shapeshifter) (D:15)
  7 elephants
  2 black mambas
  A torpor snail (Lair:5)
  A gargoyle (D:11)
  A frost giant skeleton (D:15)
  3 centaur skeletons
  11 spiny frogs
  A rime drake (Lair:5)
  A yaktaur (shapeshifter) (D:15)
  8 komodo dragons
  2 freezing wraiths
  2 efreet (D:15)
  4 trolls
  4 polar bears
  Prince Ribbit (D:8)
  3 slime creatures (Lair:6)
  25 blink frogs
  A fire dragon zombie (D:15)
  5 hippogriffs
  6 dream sheep (Lair:6)
  Sigmund (D:5)
  2 spriggans
  3 wyverns
  A water elemental (D:15)
  4 wraiths
  66 yaks
  4 hungry ghosts
  20 humans (D:13)
  9 vampire mosquitoes
  3 basilisks
  A human (shapeshifter) (D:14)
  3 wargs
  2 acid dragons
  13 water moccasins
  9 porcupines
  4 black bears
  4 ice beasts
  5 sky beasts
  2 hornet zombies
  18 orc warriors
  A necrophage (D:8)
  15 ogres
  5 phantoms
  12 centaurs
  13 crocodiles
  30 wolves
  2 big kobolds (D:14)
  18 bullfrogs
  A gnoll sergeant (D:6)
  Blork the orc (D:4)
  A wyvern zombie (D:6)
  A wyvern skeleton (D:10)
  7 scorpions
  5 killer bees (D:12)
  11 wights
  A vampire bat (Lair:6)
  A howler monkey (D:11)
  2 electric eels
  9 crimson imps
  5 bullfrog zombies
  2 quasits
  A wyvern simulacrum (D:11)
  A lava snake (D:10)
  2 centaur zombies
  6 jellies
  10 hounds
  18 orc priests
  A bullfrog skeleton (D:10)
  24 orc wizards
  Ijyb (D:4)
  Terence (D:2)
  Natasha (thrice) (D:3)
  5 iguanas
  11 worker ants
  A bullfrog simulacrum (D:11)
  2 centaur simulacra (D:11)
  A worker ant zombie (D:10)
  Robin (D:2)
  A howler monkey skeleton (D:8)
  3 gnolls (D:6)
  16 adders
  A hound simulacrum (D:11)
  2 shadow imps
  A howler monkey simulacrum (D:11)
  An ufetubus (D:11)
  3 oozes
  3 adder skeletons
  An adder zombie (D:6)
  4 worms
  7 leopard geckos
  86 orcs
  2 ball pythons
  15 bats
  10 giant cockroaches
  12 goblins
  9 hobgoblins
  9 jackals
  10 kobolds
  4 quokkas
  6 frilled lizards
  A leopard gecko skeleton (D:5)
  A leopard gecko zombie (D:6)
  A quokka zombie (D:6)
  4 rats
  5 fungi
  6 plants (Lair:2)
771 creatures vanquished.

Vanquished Creatures (collateral kills)
  An ice beast (D:11)
  A bullfrog (D:11)
  3 orcs (D:11)
5 creatures vanquished.

Vanquished Creatures (others)
  A deep troll shaman (Lair:6)
  2 slaves (D:7)
  An orc wizard (Orc:2)
  2 orcs (D:7)
  A bush (Lair:6)
  5 fungi
  3 plants
  2 withered plants (D:15)
17 creatures vanquished.

Grand Total: 793 creatures vanquished

Notes
Turn   | Place    | Note
-------+----------+-------------------------------------------
     0 | D:1      | LordRappington the Gargoyle Fighter began the quest for the
                  | Orb.
     0 | D:1      | Reached XP level 1. HP: 14/14 MP: 1/1
   136 | D:1      | Reached XP level 2. HP: 17/19 MP: 2/2
   587 | D:2      | Reached skill level 3 in Maces & Flails
   660 | D:2      | Noticed Terence
   679 | D:2      | Killed Terence
   679 | D:2      | Reached XP level 3. HP: 16/23 MP: 3/3
   696 | D:2      | Reached skill level 4 in Maces & Flails
   696 | D:2      | Reached XP level 4. HP: 3/28 MP: 4/4
  1039 | D:2      | Found an opulent altar of Gozag.
  1312 | D:2      | Noticed Robin
  1327 | D:2      | Killed Robin
  1457 | D:2      | Found a sparkling altar of Nemelex Xobeh.
  1468 | D:2      | Reached skill level 5 in Maces & Flails
  1468 | D:2      | Reached XP level 5. HP: 30/32 MP: 5/5
  1714 | D:3      | Found a runed translucent gate.
  1715 | D:3      | Found a runed translucent gate.
  1715 | D:3      | Found an opulent altar of Gozag.
  1716 | D:3      | Found a runed translucent gate.
  1718 | D:3      | Noticed Enkuryo's ghost (amateur HaHu)
  1718 | D:3      | Noticed a centaur
  2088 | D:3      | Reached skill level 6 in Maces & Flails
  2099 | D:3      | Reached XP level 6. HP: 13/37 MP: 6/6
  2301 | D:3      | Found a burning altar of Makhleb.
  2306 | D:3      | Became a worshipper of Makhleb the Destroyer
  2728 | D:4      | Noticed Blork the orc
  2728 | D:4      | Noticed Natasha
  2947 | D:3      | Killed Natasha
  3018 | D:4      | Killed Blork the orc
  3186 | D:3      | Noticed Natasha
  3194 | D:3      | Killed Natasha
  3194 | D:3      | Reached skill level 7 in Maces & Flails
  3268 | D:3      | Noticed Natasha
  3274 | D:3      | Killed Natasha
  3347 | D:4      | Noticed Ijyb
  3361 | D:4      | Killed Ijyb
  3361 | D:4      | Reached XP level 7. HP: 32/41 MP: 7/7
  3418 | D:4      | Found a blossoming altar of Fedhas.
  3476 | D:4      | Reached skill level 8 in Maces & Flails
  3509 | D:4      | Found a stormy altar of Qazlal.
  3570 | D:4      | Found the +12 glaive of Prune {chop}
  3756 | D:4      | Reached * piety under Makhleb
  4042 | D:4      | Reached skill level 9 in Maces & Flails
  4045 | D:4      | Reached XP level 8. HP: 46/46 MP: 8/8
  4113 | D:4      | Found a sparkling altar of Nemelex Xobeh.
  4113 | D:4      | Found a glowing golden altar of the Shining One.
  4118 | D:4      | Found a faded altar of an unknown god.
  4120 | D:4      | Found a shimmering blue altar of Sif Muna.
  4122 | D:4      | Found a faded altar of an unknown god.
  4258 | D:5      | Entered Level 5 of the Dungeon
  4321 | D:5      | Found a staircase to the Ecumenical Temple.
  4412 | D:5      | Noticed Sigmund
  4460 | D:5      | Killed Sigmund
  4765 | D:5      | Reached ** piety under Makhleb
  4765 | D:5      | Reached skill level 10 in Maces & Flails
  4903 | D:5      | Found a bloodstained altar of Trog.
  5467 | Temple   | Entered the Ecumenical Temple
  6146 | D:6      | Reached skill level 11 in Maces & Flails
  6146 | D:6      | Reached XP level 9. HP: 51/51 MP: 9/9
  6589 | D:7      | Reached skill level 12 in Maces & Flails
  6634 | D:7      | Noticed Pikel
  6649 | D:7      | Killed Pikel
  6673 | D:7      | Found a hazy altar of Hepliaklqana.
  6740 | D:7      | Found Bieqaum Use's Antique Armour Boutique.
  6752 | D:7      | Bought a shiny chain mail for 217 gold pieces
  6770 | D:7      | Found Qeirul's Distillery.
  6784 | D:7      | Bought a potion of ambrosia for 88 gold pieces
  6784 | D:7      | Bought a potion of curing for 33 gold pieces
  6784 | D:7      | Bought a potion of berserk rage for 55 gold pieces
  6801 | D:7      | Reached *** piety under Makhleb
  6829 | D:7      | Found Melol's Distillery.
  6969 | D:7      | Reached skill level 1 in Polearms
  7092 | D:8      | Reached skill level 5 in Armour
  7169 | D:8      | Reached XP level 10. HP: 54/56 MP: 12/12
  7399 | D:8      | Reached **** piety under Makhleb
  7401 | D:8      | Noticed Prince Ribbit
  7482 | D:8      | Found Icitsoj's Food Shop.
  7673 | D:8      | Noticed a two-headed ogre
  7698 | D:8      | Killed a two-headed ogre
  7720 | D:8      | Killed Prince Ribbit
  7720 | D:8      | Reached skill level 5 in Polearms
  7930 | D:9      | Found a staircase to the Lair.
  8143 | D:9      | Found a basalt altar of Yredelemnul.
  8517 | D:9      | Found a hide-covered altar of Uskayaw.
  8571 | D:10     | Entered Level 10 of the Dungeon
  8690 | D:10     | Reached XP level 11. HP: 47/60 MP: 13/13
  9196 | D:10     | Noticed an orc warlord
  9568 | D:11     | Noticed Gastronok
  9604 | D:11     | Killed Gastronok
  9604 | D:11     | Reached skill level 10 in Armour
  9607 | D:11     | Reached ***** piety under Makhleb
  9618 | D:11     | Noticed a two-headed ogre
  9634 | D:11     | Killed a two-headed ogre
  9677 | D:11     | Reached skill level 13 in Maces & Flails
  9699 | D:11     | Found a gate leading to a gauntlet.
  9831 | D:11     | Noticed a green death
 10023 | D:11     | Found a frozen archway.
 10269 | D:11     | Reached XP level 12. HP: 62/64 MP: 14/14
 10322 | D:11     | Found Pailad's Weapon Boutique.
 10332 | D:11     | Noticed Urug
 10384 | D:11     | Killed Urug
 10757 | D:12     | Found a staircase to the Orcish Mines.
 11291 | D:12     | Reached skill level 14 in Maces & Flails
 11632 | D:13     | Found a white marble altar of Elyvilon.
 11756 | D:13     | Noticed a tengu warrior
 11810 | D:13     | Killed a tengu warrior
 11874 | D:13     | Noticed a five-headed hydra
 11886 | D:13     | Killed a five-headed hydra
 11899 | D:13     | Found a white marble altar of Elyvilon.
 12078 | D:13     | Noticed a five-headed hydra
 12087 | D:13     | Killed a five-headed hydra
 12324 | D:13     | Noticed a tengu warrior
 12349 | D:13     | Killed a tengu warrior
 12349 | D:13     | Reached XP level 13. HP: 68/68 MP: 15/15
 12507 | D:13     | Reached skill level 15 in Maces & Flails
 12566 | D:13     | Identified the cursed +1 hand axe "Isamm" {drain, Int+5}
 12610 | D:13     | Noticed a vault guard
 12610 | D:13     | Identified the +7 falchion "Raifreoj" {freeze, +Fly Dex+5}
 12612 | D:13     | Noticed a vault guard
 12642 | D:13     | Killed a vault guard
 12650 | D:13     | Killed a vault guard
 12680 | D:13     | Noticed a vault guard
 12690 | D:13     | Killed a vault guard
 12723 | D:13     | Found a gate to the Vaults.
 13051 | D:14     | Found a runed translucent door.
 13052 | D:14     | Noticed a sphinx
 13058 | D:14     | Noticed a tengu reaver
 13118 | D:14     | Reached ****** piety under Makhleb
 13557 | D:15     | Entered Level 15 of the Dungeon
 13617 | D:15     | Reached skill level 10 in Polearms
 14082 | D:15     | Found a staircase to the Depths.
 14124 | D:15     | Gained mutation: Your large and strong wings let you fly
                  | indefinitely. [Gargoyle growth]
 14124 | D:15     | Reached XP level 14. HP: 74/74 MP: 16/16
 14460 | D:15     | Found Duguim's General Store.
 14466 | D:15     | Bought the ring of Cemoro {+Inv SInv} for 464 gold pieces
 14524 | D:15     | Found a corrupted altar of Lugonu.
 14917 | Lair:1   | Entered Level 1 of the Lair of Beasts
 14943 | Lair:1   | Reached skill level 15 in Armour
 15026 | Lair:1   | Reached skill level 1 in Invocations
 15498 | Lair:2   | Reached skill level 5 in Fighting
 15736 | Lair:2   | Noticed Harold
 15762 | Lair:2   | Killed Harold
 15818 | Lair:2   | Found a hole to the Spider Nest.
 17445 | Lair:4   | Found a staircase to the Shoals.
 18118 | Lair:5   | Reached XP level 15. HP: 88/88 MP: 18/18
 18146 | Lair:5   | Got a warped war axe
 18188 | Lair:5   | You fall into a shaft and drop 1 floor!
 18188 | Lair:6   | Entered Level 6 of the Lair of Beasts
 18266 | Lair:5   | Reached skill level 5 in Invocations
 18640 | Lair:6   | Reached skill level 5 in Shields
 18641 | Lair:6   | Found a staircase to the Slime Pits.
 18919 | Lair:6   | Got a twisted cloak
 19097 | Lair:6   | Got a fine long sword
 19203 | Lair:6   | Noticed Sonja
 19240 | Lair:6   | Killed Sonja
 19240 | Lair:6   | Reached skill level 16 in Maces & Flails
 19360 | Lair:6   | Reached skill level 1 in Long Blades
 20262 | Orc:1    | Entered Level 1 of the Orcish Mines
 20262 | Orc:1    | Noticed Josephine
 20267 | Orc:1    | Killed Josephine
 20890 | Lair:2   | Identified the cursed +0 war axe "Ulipi Sygo" {chop, +Inv}
                  | (You found it on level 5 of the Lair of Beasts)
 20905 | Lair:2   | Identified the +11 long sword of Kismet {pain, rPois Str+3}
                  | (You found it on level 6 of the Lair of Beasts)
 20916 | Lair:2   | Identified the +0 cloak of Laajad {+Blink rC+ Int-3 Dex+4}
                  | (You found it on level 6 of the Lair of Beasts)
 21095 | Orc:2    | Entered Level 2 of the Orcish Mines
 21095 | Orc:2    | Found a staircase to the Elven Halls.
 21270 | Orc:2    | Gained mutation: You tend to lose your temper in combat. [a
                  | neqoxec]
 21299 | Orc:2    | Noticed Saint Roka
 21452 | Orc:2    | Found Qoefutua's Armour Shop.
 21459 | Orc:2    | HP: 2/91 [Saint Roka/divine providence (16)]
 21460 | Orc:2    | Killed from afar by Saint Roka

Levels and vault maps discovered:
D:1:      shiori_shiawase, layout_loops_ring
D:2:      layout_basic, grunt_gozag_statues, kennysheep_crisscross,
          nemelex_dance_club_becter, uniq_terence, uniq_robin
D:3:      minmay_recursive_quarters, layout_basic, makhleb_heckhound_becter,
          ebering_ghost_gozag
D:4:      layout_cave_pods, nicolae_qazlal_general_emergency,
          chequers_temple_overflow_minitemple, hangedman_decor_lopped,
          nrook_uturn, fedhas_altar_1, uniq_blork_the_orc, uniq_natasha,
          uniq_ijyb
D:5:      layout_basic, bloody_trog, minmay_temple_entry_offerings,
          first_ration, chequers_serial_rivers_large_a, serial_bayou_lake_a,
          uniq_sigmund
D:6:      layout_basic
D:7:      layout_rooms, lemuel_coloured_pillars_altar, serial_shops,
          nicolae_shop_crystal, shop, shop, uniq_pikel
D:8:      layout_basic, serial_shops, shop, uniq_prince_ribbit1
D:9:      layout_rooms, marbit_many_paths, erik_lair_orcish_takeover,
          basic_altar, the_bakery, minivault_25_ag, minivault_23
D:10:     layout_irregular_city, kennysheep_island_fort
D:11:     layout_basic, serial_shops, shop, serial_ice, serial_ice_h,
          serial_ice_k, serial_ice_b, serial_ice_m, serial_ice_n, serial_ice_f,
          serial_ice_e, serial_ice_a, portal_ice_cave_entry_pillars_2,
          gauntlet_entry_generic, lightli_fourway_metalbox, uniq_urug,
          uniq_gastronok
D:12:     layout_long_grid, orc_david_3, nicolae_zen_rock_garden,
          item_on_display_a
D:13:     layout_roguey, grunt_vaults_entry_tiered, basic_altar,
          elyvilon_altar_1
D:14:     layout_roguey, serial_corexii_hall, corexii_hall_statues_i,
          chequers_hall_statues_wall_a, chequers_hall_statues_corner_a,
          kennysheep_treasure_room
D:15:     gammafunk_depths_entry_grave, layout_layer_cave, serial_shops,
          nicolae_shop_temple_entry_statues_fountains, minivault_14,
          tgw_lugonu_bribe
Temple:   nicolae_temple_figure_eight
Lair:1:   layout_big_grid, chequers_serial_rivers_marsh, grunt_megastairs_2
Lair:2:   layout_chaotic_city, dummy_spider_entry, cheibrodos_lair_reptile_den,
          serial_bayou_shore_a, uniq_harold
Lair:3:   layout_regular_city
Lair:4:   layout_hall_layers, elwin_shoals_entry_rocks
Lair:5:   layout_concentric_octagons, chequers_serial_rivers_small_b,
          st_stairs_8, grunt_forest_stairs_clearing, lemuel_fruit_tree
Lair:6:   grunt_lair_end_beastmaster, layout_layer_cave,
          minmay_slime_entry_pillars, roderic_batcave, uniq_sonja
Orc:1:    layout_caves, enter_bailey_2, uniq_josephine
Orc:2:    grunt_orc_cross, layout_caves, serial_shops, nicolae_shop_trees,
          uniq_azrael

Skill      XL: |  1  2  3  4  5  6  7  8  9 10 11 12 13 14 15 |
---------------+----------------------------------------------+-----
Maces & Flails | 3 4 5 6 7 9 11 12 13 14 15 16 | 16.1
Evocations     | 3 |  3.6
Armour         | 5 9 10 12 14 15 | 15.0
Polearms       | 2 6 7 8 10 11 | 11.0
Invocations    | 4 6 |  6.5
Fighting       | 8 9 |  9.4
Shields        | 4 7 |  7.2
Long Blades    | 2 |  2.4

Action                   |  1- 3 |  4- 6 |  7- 9 | 10-12 | 13-15 || total
-------------------------+-------+-------+-------+-------+-------++-------
Melee: Flail             |    73 |   288 |   544 |   548 |       ||  1453
       Morningstar       |       |       |       |   615 |  1674 ||  2289
       Glaive            |       |       |       |       |    15 ||    15
       Long sword        |       |       |       |       |    11 ||    11
Invok: Greater Servant o |       |       |       |     2 |     2 ||     4
       Lesser Servant of |       |       |       |     1 |       ||     1
 Abil: Evoke Invisibilit |       |       |       |       |     1 ||     1
  Use: Scroll            |       |     9 |     6 |     8 |     6 ||    29
       Potion            |       |       |     1 |     8 |     1 ||    10
 Stab: Invisible         |       |       |       |       |     2 ||     2
       Petrified         |       |       |       |       |     2 ||     2
       Petrifying        |       |       |       |       |     1 ||     1
  Eat: Chunk             |       |     8 |    11 |    17 |    19 ||    55
       Ration            |       |       |     3 |     3 |     4 ||    10
Armor: Scale mail        |    33 |   154 |   208 |       |       ||   395
       Chain mail        |       |       |    80 |   437 |       ||   517
       Plate armour      |       |       |       |   506 |  1401 ||  1907
Dodge: Dodged            |    29 |    71 |   126 |   271 |   425 ||   922
       Deflected         |       |     1 |     1 |    14 |    11 ||    27
Block: Shield            |    34 |   161 |   213 |   621 |   990 ||  2019
       Rpst.: Long sword |       |       |       |       |     6 ||     6
